 Dungeon Crawl Stone Soup version 0.30-a0-305-g026cb31310 (webtiles) character file.

Game seed: 11398839554464607204

28 byup the Sneak (level 3, -4/24 HPs)
             Began as an Octopode Brigand on Oct 22, 2022.
             Killed from afar by Sigmund (12 damage)
             ... with a puff of flame
             ... on level 2 of the Dungeon.
             The game lasted 00:09:15 (1153 turns).

byup the Sneak (Octopode Brigand)                   Turns: 1153, Time: 00:09:15

Health: -4/24      AC:  1    Str: 10    XL:     3   Next: 12%
Magic:  3/3        EV: 12    Int: 13    God:
Gold:   67         SH:  0    Dex: 15    Spells: 2/2 levels left

rFire   . . .      SeeInvis .    a - +2 dagger
rCold   . . .      Faith    .    (no shield)
rNeg    . . .      Spirit   .    (helmet restricted)
rPois   .          Reflect  .    (no amulet)
rElec   .          Harm     .    n - ring of flight
rCorr   .          Rampage  .    (no ring)
Will    .....                    (no ring)
Stlth   ++++......               (no ring)
HPRegen 0.24/turn                (no ring)
MPRegen 0.08/turn                (no ring)
                                 (no ring)
                                 (no ring)

@: flying
A: almost no armour, amphibious, 8 rings, camouflage 1, gelatinous body 1,
(nimble swimmer 1), tentacles
a: no special abilities


You were on level 2 of the Dungeon.
You visited 1 branch of the dungeon, and saw 2 of its levels.

You collected 67 gold pieces.

Inventory:

Hand Weapons
 a - a +2 dagger (weapon)
Missiles
 b - 19 poisoned darts (quivered)
 i - 5 stones
 p - 5 silver javelins
Jewellery
 n - a ring of flight (left tentacle)
Wands
 l - a wand of flame (18)
Scrolls
 g - a scroll of identify {unknown}
 h - a scroll of fog {unknown}
 j - a scroll of amnesia {unknown}
 o - a scroll of blinking {unknown}
 q - a scroll of enchant armour {unknown}
 r - a scroll of teleportation {unknown}
Potions
 d - a potion of brilliance {unknown}
 e - a potion of attraction {unknown}
 f - a potion of cancellation {unknown}
 k - 3 potions of magic {unknown}
 m - a potion of heal wounds {unknown}
 s - 2 potions of degeneration {unknown}


   Skills:
 + Level 2.0 Fighting
 + Level 2.2 Short Blades
 * Level 2.7 Throwing
 + Level 1.0 Dodging
 + Level 6.0 Stealth


You had 2 spell levels left.
You didn't know any spells.
Your spell library was empty.

Dungeon Overview and Level Annotations

Branches:
Dungeon (2/15)

Altars:

Shops:
D:2 (

Annotations:
D:2 Sigmund


Innate Abilities, Weirdness & Mutations

You cannot wear most types of armour.
You are amphibious.
You can wear up to eight rings at the same time.
Your skin changes colour to match your surroundings (Stealth+).
Your rubbery body absorbs attacks. (AC +1, EV +1)
((You are camouflaged when in or above water. (Stealth+)))
You have tentacles for arms and can constrict up to eight enemies at once.


Message History

r - a scroll labelled RUHITUU COFEH
Found a blue potion.
Found a hand axe.
s - a blue potion
Found 13 gold pieces.
You see here a +0 hand axe.
You now have 67 gold pieces (gained 13).
You see here a +0 hand axe.
s - 2 blue potions (gained 1) Sigmund the Dreaded comes into view.
He is wielding a +0 scythe and carrying a wand of flame (7).
Sigmund shouts!
Sigmund says, "You will soon forget everything."
You don't know any spells.
Sorry, you're not good enough to have a special ability.
Your library has no spells.
Throw: 3 darts (curare)
Press: ? - help, Q - select action, (/) - cycle Shift-Dir - straight line, f - Sigmund
Aim: Sigmund, wielding a +0 scythe, wearing a +0 robe and carrying a wand of flame (7) (57% to hit)
You throw a curare-tipped dart.
The curare-tipped dart closely misses Sigmund.
Throw: 2 darts (curare)
Press: ? - help, Q - select action, (/) - cycle Shift-Dir - straight line, f/p - Sigmund
Aim: Sigmund, wielding a +0 scythe, wearing a +0 robe and carrying a wand of flame (7) (57% to hit)
You throw a curare-tipped dart.
The curare-tipped dart closely misses Sigmund.
Sigmund hits you from afar with a +0 scythe!
Throw: dart (curare)
Press: ? - help, Q - select action, (/) - cycle Shift-Dir - straight line, f/p - Sigmund
Aim: Sigmund, wielding a +0 scythe, wearing a +0 robe and carrying a wand of flame (7) (57% to hit)
You throw a curare-tipped dart.
The curare-tipped dart barely misses Sigmund.
Throw: 20 darts (poison)
Press: ? - help, Q - select action, (/) - cycle Shift-Dir - straight line, f/p - Sigmund
Aim: Sigmund, wielding a +0 scythe, wearing a +0 robe and carrying a wand of flame (7) (57% to hit)
You throw a poisoned dart.
The poisoned dart closely misses Sigmund.
Sigmund hits you from afar with a +0 scythe!
Sigmund zaps a wand.
The puff of flame hits you!
Ouch! That really hurt!
You die...

#..# ##.#.....# #####..#
#.#.....# .......#
#.#.....# ######.#
#.##.#.# #.# ##.##.#.#
##.##########..##.#.#
#....)..............#
#.#..########.##...#####
#..#.# #(@..@.#........#
##.#.# #(######....###.#
#.#.# #. #.#.## #.# ♣##
#.#.# ♣.♣# ###.#># #.#
..# #.#.. (... #.....#
#.# ♣.# #..##
♣.♣.♣#.....# #.# #.# #.
#.#.#......# #.# #.#
..♣.♣......# #.#
##.##### #.....<..# #.#


You could see Sigmund.

Vanquished Creatures
  A dart slug (D:1)
  2 bats
  4 endoplasms
  3 giant cockroaches
  2 goblins (D:1)
  2 hobgoblins (D:1)
  A quokka (D:1)
  3 ball pythons
  2 frilled lizards
  2 rats (D:1)
22 creatures vanquished.

Vanquished Creatures (others)
  7 plants (D:2)
7 creatures vanquished.

Grand Total: 29 creatures vanquished

Notes
Turn   | Place    | Note
-------+----------+-------------------------------------------
     0 | D:1      | byup the Octopode Brigand began the quest for the Orb.
     0 | D:1      | Reached XP level 1. HP: 14/14 MP: 1/1
   105 | D:1      | Reached XP level 2. HP: 17/19 MP: 2/2
   299 | D:1      | Found a faded altar of an unknown god.
   786 | D:2      | Reached XP level 3. HP: 24/24 MP: 3/3
   790 | D:2      | Found Anaett's Antique Weapon Emporium.
   920 | D:2      | Reached skill level 6 in Stealth
  1146 | D:2      | Noticed Sigmund
  1153 | D:2      | Killed from afar by Sigmund

Illustrated notes

Levels and vault maps discovered:
D:1:      scummos_arrival_simple_crosswalls, layout_rooms,
          dreamdust_ecumenical_altar_statues
D:2:      layout_loops_ring, serial_shops, shop, serial_forest,
          infiniplex_forest_3_way, infiniplex_forest_diagonal,
          infiniplex_forest_clump_medium, infiniplex_forest_lined_corner,
          infiniplex_forest_clump_long, infiniplex_forest_side_room,
          infiniplex_forest_clump_diagonal, infiniplex_forest_zigzag_2,
          uniq_sigmund

Skill      XL: |  1  2  3 |
---------------+----------+-----
Stealth        | 6 |  6.0
Fighting       | |  2.0
Short Blades   | |  2.2
Throwing       | |  2.7
Dodging        | |  1.0

Action                   || total
-------------------------++-------
Melee: Dagger            ||    31
       Constrict         ||     4
       Tentacles         ||     5
       Punch             ||     1
Throw: Stone             ||     8
       Dart              ||    13
 Stab: Sleeping          ||     4
Armor: Skin              ||     5
Dodge: Dodged            ||    15

Table legend: (Time is in decaauts)
 A = Elapsed time spent in this place.
 B = Non-inter-level travel time spent in this place.
 C = Inter-level travel time spent in this place.
 D = Time resting spent in this place.
 E = Time spent auto-exploring this place.
 F = Levels seen in this place.
 G = Mean time per level.
                   A        B        C        D        E       F      G
               +--------+--------+--------+--------+--------+-----+--------+
         Total |   1147 |   1147 |      0 |      0 |    248 |   2 |  573.5 |
       Dungeon |   1147 |   1147 |      0 |      0 |    248 |   2 |  573.5 |
               +--------+--------+--------+--------+--------+-----+--------+

Top non-repeatable levels by time:
     D:2: 594 daAuts
     D:1: 553 daAuts
